 Dungeon Crawl Stone Soup version 0.24.0-37-gcf1ca852f1 (webtiles) character file.

Game seed: 13224808047263697469, levelgen mode: deterministic

198 Peloso the Slasher (level 5, -10/47 HPs)
             Began as a Minotaur Fighter on Nov 22, 2019.
             Mangled by an ogre
             ... wielding a +0 giant spiked club
              (27 damage)
             ... on level 4 of the Dungeon.
             The game lasted 00:04:15 (2408 turns).

Peloso the Slasher (Minotaur Fighter)               Turns: 2408, Time: 00:04:16

Health: -10/47     AC:  9    Str: 26    XL:     5   Next: 47%
Magic:  4/4        EV:  6    Int:  5    God:
Gold:   143        SH: 10    Dex: 10    Spells: 4/4 levels left

rFire    . . .     SeeInvis +   a - +1 long sword
rCold    . . .     Gourm    .   c - +0 shield
rNeg     . . .     Faith    .   b - +0 chain mail
rPois    .         Spirit   .   (helmet restricted)
rElec    .         Reflect  .   m - scarf {cloud immunity}
rCorr    .         Harm     .   (no gloves)
MR       .....                  (no boots)
Stlth    ..........             (no amulet)
HPRegen  0.15/turn              g - ring of see invisible
MPRegen  0.09/turn              (no ring)

@: mighty
A: retaliatory headbutt, horns 2
a: no special abilities


You were on level 4 of the Dungeon.
You were hungry.

You visited 1 branch of the dungeon, and saw 4 of its levels.

You collected 143 gold pieces.

Inventory:

Hand Weapons
 a - a +1 long sword (weapon)
Armour
 b - a +0 chain mail (worn)
 c - a +0 shield (worn)
 m - a scarf of cloud immunity (worn)
Jewellery
 g - a ring of see invisible (left hand)
Scrolls
 h - 2 scrolls of enchant weapon
 i - a scroll of teleportation
 o - a scroll of amnesia {unknown}
Potions
 d - 4 potions of might
 e - 2 potions of heal wounds
 j - 3 potions of curing
 l - a potion of cancellation {unknown}
Comestibles
 f - 10 rations


   Skills:
 + Level 4.5 Fighting
 + Level 4.7 Long Blades
 + Level 4.5 Armour
 + Level 1.2 Dodging
 + Level 4.6 Shields


You had 4 spell levels left.
You didn't know any spells.
Your spell library contained the following spells:

 Spells                   Type           Power        Failure   Level  Hunger
 Beastly Appendage        Tmut           #.....       100%        1    ##.....
 Sticks to Snakes         Tmut           #.......     100%        2    ###....
 Spider Form              Tmut/Pois      #.........   100%        3    ####...
 Ice Form                 Ice/Tmut       #.......     100%        4    #####..
 Blade Hands              Tmut           #.........   100%        5    ######.


Dungeon Overview and Level Annotations

Branches:
Dungeon (4/15)
 Temple: D:4-7

Altars:
Okawaru
Xom
The Shining One


Innate Abilities, Weirdness & Mutations

You reflexively headbutt those who attack you in melee.
You have a pair of horns on your head.


Message History

Found an iron altar of Okawaru.
You feel very mighty all of a sudden.
Blork the orc hits you but does no damage.
You slice Blork the orc!! Your headbutt misses Blork the orc.
Blork the orc is heavily wounded.
Blork the orc hits you but does no damage.
Unknown command.
You slash the ogre! Your headbutt misses the ogre.
The ogre is moderately wounded.
Blork the orc hits you with a +0 scimitar.
The ogre hits you with a +0 giant spiked club!
You slash the ogre!
The ogre is heavily wounded.
Blork the orc barely misses you. You furiously retaliate!
You headbutt Blork the orc!
You kill Blork the orc!
You have reached level 5!
The ogre hits you with a +0 giant spiked club!!
Ouch! That really hurt!
You die...

.# #....###...####
.###.#.## ##.....#
.)....## ##..#.# ##
#####..#
##[#...#..###
#.#.###.##....O....
##.##.#.####"###.####
####...##.##
##........
..........# #O#######
#..#####..# #@# ##.
#.## #.)# # +.# ....#
#.# .....# #.#
##.##.# ..# .. .. .##
.. ... . .._ ..##


You could see an ogre.

Vanquished Creatures
  Blork the orc (D:4)
  An orc wizard (D:3)
  2 adders
  2 worms (D:2)
  A dart slug (D:2)
  5 leopard geckos
  4 orcs (D:3)
  8 bats
  4 giant cockroaches
  5 hobgoblins
  6 jackals
  2 quokkas
  6 frilled lizards
  4 goblins
  10 kobolds
  7 rats (D:1)
68 creatures vanquished.

Notes
Turn   | Place    | Note
-------+----------+-------------------------------------------
     0 | D:1      | Peloso the Minotaur Fighter began the quest for the Orb.
     0 | D:1      | Reached XP level 1. HP: 19/19 MP: 0/0
   104 | D:1      | Reached XP level 2. HP: 24/27 MP: 1/1
   308 | D:1      | Reached XP level 3. HP: 33/33 MP: 2/2
   859 | D:2      | Found a glowing golden altar of the Shining One.
  1036 | D:2      | Reached XP level 4. HP: 37/41 MP: 3/3
  1770 | D:3      | Found a faded altar of an unknown god.
  1846 | D:3      | Found a shimmering altar of Xom.
  2073 | D:3      | Reached skill level 1 in Dodging
  2398 | D:4      | Noticed an ogre
  2403 | D:4      | Noticed Blork the orc
  2404 | D:4      | Found an iron altar of Okawaru.
  2408 | D:4      | Killed Blork the orc
  2408 | D:4      | Reached XP level 5. HP: 17/47 MP: 4/4
  2408 | D:4      | Mangled by an ogre

Levels and vault maps discovered:
D:1:      dpeg_arrival_snail, layout_basic
D:2:      layout_basic, nicolae_tso_swordbearing_angel
D:3:      wander_river, layout_basic, lemuel_round_altar,
          chequers_ecumenical_altar_grove, grunt_decor_arrowhead
D:4:      layout_loops_ring, okawaru_gym_becter, first_ration,
          minmay_misc_feat_room, minmay_manual_monolith, uniq_blork_the_orc

Skill      XL: |  1  2  3  4 |
---------------+-------------+-----
Fighting       | 4 |  4.5
Armour         | 4 |  4.5
Long Blades    | 3 4 |  4.7
Shields        | 4 |  4.6
Dodging        | 1 |  1.2

Action                   |  1- 3 |  4- 6 || total
-------------------------+-------+-------++-------
Melee: Long sword        |    90 |    70 ||   160
       Headbutt          |    12 |     5 ||    17
  Use: Scroll            |     2 |     5 ||     7
       Potion            |     1 |     1 ||     2
  Eat: Chunk             |       |     4 ||     4
Armor: Scale mail        |    44 |     7 ||    51
       Chain mail        |       |    19 ||    19
Dodge: Dodged            |    34 |    16 ||    50
Block: Shield            |    59 |    34 ||    93
       Rpst.: Long sword |     4 |       ||     4
